General information
- name: BNet
- type: Ladder team game (AT/RT)
- host: Battle.net
- saver: Flashbang_Omnix
map: FullScaleAssault
- players: 8
- length: 51:01
- speed: Fast
- version: 1.26 W3XP
- replay type: Public
» download(298 KB)
Players
team 1 (loser)

»
theotis (
orange | 58 APM | 2375 actions | 40:44)
6 Mountain King
3 Storm Bolt
2 Bash
1 Avatar
3 Dark Ranger
2 Black Arrow
1 Life Drain
1 Paladin
1 Holy Light
» actions
| Assign group hotkey | 16 | |
| Basic commands | 12 | |
| Build / train | 116 | |
| ESC pressed | 4 | |
| Enter build submenu | 31 | |
| Enter hero's abilities submenu | 10 | |
| Give item / drop item | 1 | |
| Right click | 1108 | |
| Select / deselect | 704 | |
| Select group hotkey | 265 | |
| Use ability | 108 | |
2375 total
» units
| Peasant | 11 | |
| Footman | 11 | |
| Knight | 6 | |
| Dragonhawk Rider | 8 | |
| Priest | 7 | |
| Sorceress | 5 | |
| Gryphon Rider | 6 | |
| Rifleman | 5 | |
| Spell Breaker | 1 | |
60 total
» upgrades
| Swords | 3 | |
| Plating | 3 | |
| Lumber Harvesting | 2 | |
| Cloud | 2 | |
| Masonry | 1 | |
| Animal War Training | 1 | |
| Armor | 1 | |
| Gunpowder | 1 | |
14 total
» buildings
| Altar of Kings | 1 | |
| Farm | 11 | |
| Lumber Mill | 2 | |
| Barracks | 1 | |
| Arcane Vault | 1 | |
| Blacksmith | 1 | |
| Scout Tower | 4 | |
| Arcane Tower | 2 | |
| Keep | 1 | |
| Castle | 1 | |
| Town Hall | 2 | |
| Guard Tower | 4 | |
| Gryphon Aviary | 2 | |
| Arcane Sanctum | 1 | |
34 total
» build order
00:18 Altar of Kings
00:23 Farm
00:35 Lumber Mill
01:04 Barracks
01:28 Arcane Vault
02:09 Farm
02:29 Blacksmith
02:32 Scout Tower
02:48 Farm
03:05 Arcane Tower
03:06 Farm
03:09 Scout Tower
04:03 Farm
04:05 Farm
05:56 Arcane Tower
05:58 Farm
06:03 Keep
07:27 Farm
08:11 Scout Tower
08:17 Scout Tower
08:29 Castle
09:57 Town Hall
11:21 Guard Tower
12:12 Gryphon Aviary
13:10 Gryphon Aviary
14:54 Farm
14:57 Farm
16:14 Arcane Sanctum
16:22 Farm
16:55 Lumber Mill
19:26 Guard Tower
22:42 Guard Tower
22:45 Guard Tower
24:59 Town Hall
» items
| Scroll of Regeneration | 6 | |
| Lesser Clarity Potion | 6 | |
| Scroll of Town Portal | 2 | |
| Ivory Tower | 3 | |
| Orb of Fire | 2 | |
| Potion of Healing | 2 | |
| Potion of Mana | 1 | |
22 total

»
cOcAcoLA_2007 (
red | 62 APM | 2153 actions | 34:28)
7 Paladin
2 Holy Light
1 Divine Shield
3 Devotion Aura
1 Resurrection
4 Mountain King
1 Storm Bolt
2 Bash
1 Thunder Clap
» actions
| Assign group hotkey | 24 | |
| Build / train | 103 | |
| Enter build submenu | 35 | |
| Enter hero's abilities submenu | 11 | |
| Give item / drop item | 6 | |
| Remove unit from queue | 2 | |
| Right click | 771 | |
| Select / deselect | 455 | |
| Select group hotkey | 598 | |
| Use ability | 148 | |
2153 total
» units
| Peasant | 19 | |
| Footman | 6 | |
| Gryphon Rider | 10 | |
| Blue Dragon | 7 | |
42 total
» upgrades
| Defend | 1 | |
| Masonry | 2 | |
| Lumber Harvesting | 2 | |
| Storm Hammers | 1 | |
| Armor | 3 | |
| Swords | 3 | |
12 total
» buildings
| Altar of Kings | 1 | |
| Farm | 16 | |
| Barracks | 1 | |
| Scout Tower | 1 | |
| Arcane Vault | 1 | |
| Town Hall | 2 | |
| Keep | 2 | |
| Lumber Mill | 1 | |
| Castle | 1 | |
| Gryphon Aviary | 3 | |
| Blacksmith | 2 | |
31 total
» build order
00:34 Altar of Kings
00:40 Farm
01:03 Barracks
01:20 Farm
02:02 Scout Tower
02:13 Farm
02:19 Farm
02:46 Arcane Vault
04:57 Town Hall
05:53 Keep
05:53 Keep
05:59 Lumber Mill
06:14 Farm
06:20 Farm
08:23 Castle
08:33 Gryphon Aviary
10:00 Gryphon Aviary
12:04 Gryphon Aviary
13:13 Farm
13:18 Farm
15:39 Farm
15:42 Farm
15:46 Blacksmith
15:53 Blacksmith
19:35 Farm
19:38 Farm
21:36 Farm
21:39 Farm
26:54 Town Hall
30:16 Farm
31:34 Farm
» items
| Lesser Clarity Potion | 5 | |
| Scroll of Regeneration | 7 | |
| Periapt of Vitality | 1 | |
| Potion of Mana | 2 | |
| Orb of Fire | 3 | |
| Scroll of Town Portal | 6 | |
| Potion of Healing | 2 | |
26 total

»
banmihsx (
yellow | 28 APM | 992 actions | 34:58)
2 Archmage
1 Summon Water Elemental
1 Brilliance Aura
» actions
| Assign group hotkey | 23 | |
| Build / train | 68 | |
| Enter build submenu | 26 | |
| Enter hero's abilities submenu | 2 | |
| Remove unit from queue | 3 | |
| Right click | 480 | |
| Select / deselect | 283 | |
| Select group hotkey | 71 | |
| Use ability | 36 | |
992 total
» units
| Peasant | 15 | |
| Footman | 10 | |
| Siege Engine | 10 | |
| Rifleman | 11 | |
46 total
» upgrades
| Defend | 1 | |
| Plating | 3 | |
| Barrage | 1 | |
| Gunpowder | 2 | |
| Armor | 1 | |
| Long Rifles | 1 | |
9 total
» buildings
| Altar of Kings | 1 | |
| Farm | 11 | |
| Lumber Mill | 1 | |
| Barracks | 2 | |
| Arcane Vault | 1 | |
| Keep | 2 | |
| Blacksmith | 1 | |
| Castle | 2 | |
| Workshop | 5 | |
| Town Hall | 2 | |
28 total
» build order
00:26 Altar of Kings
00:39 Farm
01:00 Lumber Mill
01:25 Farm
01:34 Barracks
02:05 Farm
02:42 Barracks
02:47 Farm
02:57 Arcane Vault
03:29 Farm
06:14 Keep
06:24 Blacksmith
09:42 Castle
09:47 Workshop
09:58 Workshop
11:11 Farm
11:16 Farm
11:55 Farm
11:58 Farm
12:27 Workshop
12:42 Farm
15:54 Town Hall
16:27 Farm
17:27 Keep
18:43 Town Hall
19:52 Keep
22:19 Castle
23:27 Workshop
23:36 Workshop
» items
| Scroll of Regeneration | 2 | |
| Scroll of Town Portal | 1 | |
3 total
Jeffwarrior (
teal | 45 APM | 2310 actions | 51:00)
5 Mountain King
3 Storm Bolt
2 Bash
5 Paladin
3 Holy Light
2 Devotion Aura
» actions
| Assign group hotkey | 34 | |
| Basic commands | 79 | |
| Build / train | 136 | |
| Enter build submenu | 39 | |
| Enter hero's abilities submenu | 13 | |
| Give item / drop item | 6 | |
| Right click | 646 | |
| Select / deselect | 640 | |
| Select group hotkey | 529 | |
| Use ability | 186 | |
2310 total
» units
| Peasant | 23 | |
| Footman | 24 | |
| Knight | 19 | |
| Blue Drake | 1 | |
| Blue Dragon Whelp | 2 | |
69 total
» upgrades
| Plating | 3 | |
| Swords | 3 | |
| Animal War Training | 1 | |
| Lumber Harvesting | 2 | |
| Masonry | 3 | |
12 total
» buildings
| Altar of Kings | 5 | |
| Farm | 17 | |
| Scout Tower | 1 | |
| Arcane Tower | 3 | |
| Keep | 4 | |
| Barracks | 3 | |
| Arcane Vault | 1 | |
| Blacksmith | 1 | |
| Castle | 4 | |
| Lumber Mill | 1 | |
| Town Hall | 2 | |
| Guard Tower | 3 | |
45 total
» build order
00:24 Altar of Kings
00:27 Farm
00:28 Farm
01:19 Scout Tower
01:56 Arcane Tower
01:56 Arcane Tower
03:16 Keep
03:19 Barracks
03:21 Barracks
03:26 Arcane Vault
03:33 Blacksmith
04:25 Farm
05:14 Farm
05:56 Castle
05:56 Castle
07:26 Farm
07:27 Farm
07:30 Farm
08:45 Farm
08:50 Lumber Mill
22:19 Farm
22:20 Farm
22:22 Farm
22:27 Farm
22:30 Farm
29:20 Town Hall
30:50 Altar of Kings
32:29 Farm
35:27 Altar of Kings
35:39 Guard Tower
35:39 Guard Tower
37:19 Altar of Kings
37:24 Farm
37:39 Barracks
37:40 Keep
37:40 Keep
37:46 Altar of Kings
37:47 Farm
38:30 Farm
42:55 Town Hall
» items
| Orb of Fire | 3 | |
| Scroll of Town Portal | 4 | |
| Scroll of Regeneration | 3 | |
| Periapt of Vitality | 1 | |
| Boots of Speed | 1 | |
| Potion of Healing | 1 | |
13 total
team 2 (winner)

»
Flashbang_Omnix (
pink | 65 APM | 3336 actions | 51:01)
8 Dreadlord
3 Sleep
3 Vampiric Aura
1 Inferno
1 Carrion Swarm
4 Death Knight
2 Death Coil
2 Unholy Aura
» actions
| Basic commands | 106 | |
| Build / train | 77 | |
| ESC pressed | 16 | |
| Enter build submenu | 30 | |
| Enter hero's abilities submenu | 12 | |
| Give item / drop item | 3 | |
| Right click | 2476 | |
| Select / deselect | 471 | |
| Use ability | 145 | |
3336 total
» units
| Ghoul | 8 | |
| Acolyte | 10 | |
| Crypt Fiend | 9 | |
| Obsidian Statue | 7 | |
34 total
» upgrades
| Burrow | 1 | |
| Web | 2 | |
| Creature Attack | 3 | |
| Destroyer Form | 1 | |
| Ghoul Frenzy | 2 | |
| Creature Carapace | 3 | |
12 total
» buildings
| Ziggurat | 10 | |
| Crypt | 4 | |
| Altar of Darkness | 2 | |
| Graveyard | 2 | |
| Tomb of Relics | 2 | |
| Halls of the Dead | 2 | |
| Spirit Tower | 4 | |
| Necropolis | 2 | |
| Nerubian Tower | 1 | |
| Slaughterhouse | 3 | |
| Black Citadel | 1 | |
33 total
» build order
00:10 Ziggurat
00:18 Crypt
00:22 Altar of Darkness
03:22 Graveyard
03:45 Ziggurat
04:07 Ziggurat
04:22 Crypt
04:35 Tomb of Relics
05:40 Halls of the Dead
07:31 Spirit Tower
07:31 Spirit Tower
14:44 Necropolis
16:39 Ziggurat
17:53 Ziggurat
17:55 Crypt
18:00 Tomb of Relics
18:05 Graveyard
19:27 Ziggurat
19:28 Ziggurat
19:34 Nerubian Tower
19:55 Halls of the Dead
20:21 Crypt
21:02 Spirit Tower
21:20 Ziggurat
22:23 Spirit Tower
25:09 Altar of Darkness
25:51 Slaughterhouse
25:53 Slaughterhouse
26:51 Black Citadel
27:41 Necropolis
31:13 Slaughterhouse
34:50 Ziggurat
34:56 Ziggurat
» items
| Rod of Necromancy | 1 | |
| Potion of Healing | 1 | |
| Potion of Mana | 1 | |
| Orb of Venom | 1 | |
| Staff of Teleportation | 1 | |
| Boots of Speed | 2 | |
| Scroll of Town Portal | 1 | |
8 total

»
blaine_the_mono (
blue | 56 APM | 2880 actions | 51:00)
9 Demon Hunter
3 Immolation
3 Evasion
1 Metamorphosis
2 Mana Burn
9 Priestess of the Moon
3 Trueshot Aura
3 Searing Arrows
1 Starfall
2 Scout
» actions
| Assign group hotkey | 35 | |
| Basic commands | 95 | |
| Build / train | 142 | |
| Enter build submenu | 27 | |
| Enter hero's abilities submenu | 17 | |
| Right click | 1061 | |
| Select / deselect | 470 | |
| Select group hotkey | 905 | |
| Use ability | 128 | |
2880 total
» units
| Wisp | 44 | |
| Archer | 7 | |
| Chimaera | 20 | |
| Hippogryph | 21 | |
92 total
» upgrades
| Improved Bows | 1 | |
| Strength of the Wild | 3 | |
| Reinforced Hides | 3 | |
| Corrosive Breath | 1 | |
| Well Spring | 1 | |
| Ultravision | 2 | |
11 total
» buildings
| Altar of Elders | 1 | |
| Moon Well | 7 | |
| Ancient of War | 1 | |
| Tree of Ages | 3 | |
| Ancient of Wonders | 1 | |
| Hunter's Hall | 1 | |
| Tree of Life | 7 | |
| Tree of Eternity | 2 | |
| Ancient of Wind | 1 | |
| Chimaera Roost | 3 | |
| Ancient Protector | 4 | |
31 total
» build order
00:09 Altar of Elders
00:19 Moon Well
01:16 Ancient of War
01:28 Moon Well
01:49 Moon Well
02:38 Tree of Ages
02:39 Tree of Ages
02:59 Ancient of Wonders
03:31 Hunter's Hall
03:55 Moon Well
04:45 Tree of Life
05:08 Tree of Eternity
05:09 Tree of Eternity
05:39 Ancient of Wind
07:03 Moon Well
08:09 Chimaera Roost
08:21 Chimaera Roost
08:23 Chimaera Roost
11:47 Moon Well
12:56 Moon Well
17:58 Tree of Life
22:22 Tree of Life
24:42 Tree of Life
28:24 Tree of Life
30:26 Tree of Life
38:14 Ancient Protector
38:16 Ancient Protector
38:20 Ancient Protector
39:05 Ancient Protector
42:46 Tree of Life
» items
| Potion of Healing | 3 | |
| Scroll of Town Portal | 5 | |
| Orb of Venom | 1 | |
9 total
G13M (
purple | 60 APM | 3068 actions | 51:00)
8 Demon Hunter
3 Immolation
3 Evasion
1 Metamorphosis
1 Mana Burn
5 Keeper of the Grove
3 Entangling Roots
2 Thorns Aura
2 Dark Ranger
1 Silence
1 Life Drain
» actions
| Basic commands | 18 | |
| Build / train | 101 | |
| Enter build submenu | 30 | |
| Enter hero's abilities submenu | 15 | |
| Give item / drop item | 3 | |
| Remove unit from queue | 6 | |
| Right click | 1837 | |
| Select / deselect | 881 | |
| Use ability | 177 | |
3068 total
» units
| Wisp | 26 | |
| Druid of the Claw | 11 | |
| Dryad | 10 | |
| Chimaera | 2 | |
49 total
» upgrades
| Druid of the Claw Training | 2 | |
| Mark of the Claw | 1 | |
| Reinforced Hides | 3 | |
| Strength of the Wild | 3 | |
| Abolish Magic | 1 | |
10 total
» buildings
| Altar of Elders | 2 | |
| Moon Well | 9 | |
| Ancient of War | 1 | |
| Hunter's Hall | 1 | |
| Ancient Protector | 3 | |
| Tree of Ages | 1 | |
| Tree of Life | 3 | |
| Ancient of Lore | 3 | |
| Tree of Eternity | 2 | |
| Ancient of Wonders | 1 | |
| Ancient of Wind | 2 | |
| Chimaera Roost | 5 | |
33 total
» build order
00:12 Altar of Elders
00:16 Moon Well
00:23 Ancient of War
02:40 Moon Well
03:09 Hunter's Hall
03:52 Moon Well
04:22 Ancient Protector
04:41 Ancient Protector
05:00 Moon Well
05:40 Tree of Ages
05:49 Tree of Life
05:56 Moon Well
06:54 Moon Well
07:11 Ancient Protector
08:06 Ancient of Lore
09:25 Tree of Eternity
09:25 Tree of Eternity
11:29 Ancient of Lore
12:11 Ancient of Lore
15:38 Tree of Life
19:35 Moon Well
20:37 Moon Well
21:32 Moon Well
25:43 Ancient of Wonders
25:59 Altar of Elders
30:13 Tree of Life
32:34 Ancient of Wind
32:38 Ancient of Wind
46:12 Chimaera Roost
46:13 Chimaera Roost
46:15 Chimaera Roost
46:17 Chimaera Roost
46:19 Chimaera Roost
» items
| Staff of Teleportation | 1 | |
| Rod of Necromancy | 1 | |
| Potion of Lesser Invulnerability | 4 | |
| Scroll of Town Portal | 6 | |
| Scroll of Protection | 1 | |
| Orb of Venom | 1 | |
| Anti-magic Potion | 1 | |
| Boots of Speed | 1 | |
16 total
Spermaholic (
green | 3 APM | 108 actions | 34:39)
» actions
| Basic commands | 12 | |
| Right click | 7 | |
| Select / deselect | 84 | |
| Use ability | 4 | |
108 total
Chat log
(00:05 / All) Spermaholic: lololol
(00:09 / All) Spermaholic: lol
(00:11 / All) Spermaholic: Purp's mad
(00:15 / All) Spermaholic: why he ma tho
(00:16 / All) Spermaholic: lolol
(00:26 / Allies) Flashbang_Omnix: green plz
(00:27 / Allies) blaine_the_mono: chim
(00:32 / Allies) Flashbang_Omnix: oh...
(00:34 / Allies) Spermaholic: Hi
(00:38 / Allies) blaine_the_mono: wow
(00:41 / Allies) Spermaholic: oh wow
(00:43 / Allies) Spermaholic: wooooow
(00:45 / Allies) Spermaholic: wowie
(00:48 / Allies) Spermaholic: wowzor
(00:53 / Allies) Spermaholic: thank ya
(00:56 / Allies) blaine_the_mono: awful
(00:59 / Allies) Flashbang_Omnix: oh no?
(00:59 / Allies) Spermaholic: indeed
(01:02 / Allies) Flashbang_Omnix: shoot
(01:07 / Allies) Spermaholic: lol uproot?
(01:09 / Allies) Flashbang_Omnix: gave it to backstabber
(01:15 / Allies) Flashbang_Omnix: by mistake
(01:16 / Allies) Spermaholic: HELP HE UPROOTED
(01:24 / Allies) Flashbang_Omnix: what damn it
(01:24 / Allies) Spermaholic: i must retreat
(01:32 / Allies) Spermaholic: YOU'VE BEATEN ME
(01:42 / Allies) Spermaholic: Yeaaaaah
(01:45 / Allies) Spermaholic: Life's hgard ghuh
(01:58 / All) Spermaholic: OJ wt
(01:59 / All) Spermaholic: wtf
(02:03 / Allies) blaine_the_mono: they know
(02:04 / All) Spermaholic: why make a shop so early??
(02:04 / Allies) blaine_the_mono: now
(02:08 / Allies) blaine_the_mono: we're fucked
(02:15 / Allies) Spermaholic: loool
(02:21 / Allies) Spermaholic: they're all HU
(02:47 / Allies) Flashbang_Omnix: they know im ud now...
(03:09 / Allies) Flashbang_Omnix: no more from me
(03:14 / Allies) Flashbang_Omnix: i need my own def
(03:21 / All) Spermaholic: wtf did you all decide to go MK -.-
(03:29 / All) Spermaholic: Ok good
(03:33 / All) Spermaholic: archmage and pally gj
(03:39 / 8) Flashbang_Omnix: he's hacking
(03:41 / 8) Flashbang_Omnix: green
(03:41 / All) Spermaholic: Here OJ
(03:53 / 8) Flashbang_Omnix: we cant even see
(03:57 / 8) Flashbang_Omnix: the enemy players
(03:57 / All) Spermaholic: ^^
(03:57 / All) theotis: sup
(04:13 / All) Spermaholic: NM U?
(04:16 / All) Spermaholic: My team's angry
(04:19 / All) theotis: just chillin
(04:20 / All) Spermaholic: wanna guess why?
(04:23 / All) theotis: i bet
(04:32 / All) Spermaholic: How do you like my name?
(04:44 / All) theotis: its just a name
(04:49 / All) Spermaholic: Is it good?
(04:49 / 8) Flashbang_Omnix: take bottom mine
(04:55 / All) theotis: yeah
(04:59 / All) Spermaholic: Thank ya
(05:07 / All) Spermaholic: Is your name a College thing?
(05:13 / Allies) Spermaholic: LOL
(05:17 / All) theotis: its a name
(05:21 / 8) Flashbang_Omnix: purple
(05:22 / All) Spermaholic: ..
(05:23 / All) Spermaholic: Ok and
(05:23 / 8) Flashbang_Omnix: down there
(05:25 / All) theotis: that is my characters name
(05:26 / 8) Flashbang_Omnix: i cant ping
(05:28 / All) theotis: for everything
(05:29 / All) Spermaholic: was it ranomely generste?
(05:29 / 8) Flashbang_Omnix: if I ping
(05:33 / All) Spermaholic: generate*
(05:34 / 8) Flashbang_Omnix: green will know
(05:34 / All) Spermaholic: d**
(05:37 / All) theotis: long story lol
(05:41 / All) Spermaholic: lol
(06:20 / All) Spermaholic: are you ever depressed :(?
(06:27 / All) theotis: rarely
(06:33 / All) Spermaholic: wow Blue's nearly at tier 3
(06:57 / All) Spermaholic: I hear most men cry at least twice a month
(07:06 / All) Spermaholic: do you cry less frequently?
(07:13 / Allies) Spermaholic: Pink
(07:15 / Allies) Spermaholic: Beware
(07:18 / Allies) Spermaholic: They come for you
(07:45 / All) Spermaholic: KILL IT
(07:46 / All) Spermaholic: >:)
(08:14 / All) Spermaholic: PWNED
(08:15 / All) Spermaholic: LOLOL
(08:33 / All) Spermaholic: OJ you know that song Daughter
(08:36 / All) Spermaholic: by Pearl Jam?
(08:45 / All) theotis: idk
(09:01 / All) Spermaholic: O.o
(09:06 / All) Spermaholic: lol Purple
(09:09 / All) Spermaholic: RETREAAAAAT
(09:09 / All) Spermaholic: lol
(09:16 / All) Spermaholic: LOL YELLOW??
(09:47 / All) Spermaholic: dON'T Call me Daughter
(09:50 / All) Spermaholic: Not fit to be
(09:56 / All) Spermaholic: The picture kept will remiiiind me
(09:58 / Allies) Spermaholic: DIE
(10:01 / All) theotis: nope never heard it
(10:05 / All) Spermaholic: :(
(10:13 / All) Spermaholic: It used to be on the radio all the times
(10:20 / All) Spermaholic: KILL HIM
(10:22 / All) Spermaholic: HAHAAH
(10:26 / All) Spermaholic: SGTORM BOLT HIS ASS
(10:33 / All) Spermaholic: G FUCKIN G
(11:12 / All) Spermaholic: Yellow, Tanks
(11:16 / All) Spermaholic: You need an AA
(11:17 / Allies) blaine_the_mono: sleep
(11:23 / 8) Flashbang_Omnix: out of MP
(11:31 / All) Spermaholic: lol Teal
(12:01 / All) Spermaholic: be careful Blue's making hipps and chims
(12:27 / Allies) Flashbang_Omnix: gold plz
(12:27 / All) Spermaholic: get some stuff to kill DOTC'S.
(14:27 / All) Spermaholic: Goo
(14:30 / All) Spermaholic: Good
(15:43 / All) Spermaholic: You guys let Pink live
(15:47 / All) Spermaholic: Now he's rebuilding
(15:56 / All) Flashbang_Omnix: right...
(16:00 / All) Spermaholic: HE'S ATTEMPTING TO BECOME A NOTABLE FORCE ONCE AGAIN
(16:12 / Allies) blaine_the_mono: go
(16:14 / All) Spermaholic: TEAL
(16:16 / All) Spermaholic: RUN
(16:53 / Allies) Spermaholic: lol
(16:56 / All) Spermaholic: KILL HIM
(16:58 / All) Spermaholic: KILL THAT GUY
(17:21 / All) Spermaholic: lol Re
(17:22 / All) Spermaholic: red
(17:39 / All) Spermaholic: Shoulda got the ring of regen
(18:15 / Allies) Flashbang_Omnix: kill main
(18:25 / All) Spermaholic: lol wow Yellow is bad
(18:32 / Allies) blaine_the_mono: out
(18:57 / All) Spermaholic: lol Yellow
(19:25 / Allies) blaine_the_mono: get dryads
(19:27 / Allies) blaine_the_mono: need aa
(19:38 / Allies) Flashbang_Omnix: wood plz
(19:47 / Allies) Flashbang_Omnix: ty
(20:05 / Allies) Spermaholic: Pink why did you toss me your recources at the start of game?
(20:13 / Allies) Flashbang_Omnix: it was by accident
(20:22 / Allies) Spermaholic: who was it meant for
(20:26 / Allies) Flashbang_Omnix: for purple
(20:31 / Allies) Spermaholic: y
(20:49 / Allies) blaine_the_mono: hit
(20:58 / Allies) Spermaholic: That's where OJ's place is
(21:00 / Allies) Spermaholic: right here
(21:06 / Allies) Spermaholic: be careful he has a tower
(21:17 / Allies) Spermaholic: they're creeping mi
(22:05 / All) Spermaholic: lol OJ
(22:14 / All) theotis: fuck
(22:17 / All) Spermaholic: loool
(22:25 / All) Spermaholic: stop thos 2 gryphs
(22:26 / All) Spermaholic: OJ
(22:30 / All) Spermaholic: wtf man
(22:45 / All) Spermaholic: lol
(22:59 / All) Spermaholic: OJ are you seriously about to lose a 3v4
(23:00 / All) Spermaholic: lol
(23:29 / Allies) Flashbang_Omnix: kill altar
(23:35 / Allies) Flashbang_Omnix: kill main
(24:12 / Allies) Spermaholic: lol Blue
(24:23 / Allies) blaine_the_mono: i'm out
(25:09 / Allies) Spermaholic: Guys
(25:11 / Allies) Spermaholic: GTeal is here
(25:17 / Allies) Spermaholic: and approaching fast o.O
(26:06 / Allies) Spermaholic: ROFL
(26:09 / Allies) Spermaholic: was that a joke lol
(26:12 / Allies) Spermaholic: cancel
(26:13 / Allies) Spermaholic: wtf
(26:22 / Allies) Flashbang_Omnix: wood me plz
(26:29 / Allies) Spermaholic: is Blue afk?
(26:39 / Allies) blaine_the_mono: leave them
(26:42 / Allies) Flashbang_Omnix: ty
(26:50 / Allies) Spermaholic: LOL you're thanking me?
(26:57 / Allies) Spermaholic: I completely fucked you over lol
(27:14 / Allies) Flashbang_Omnix: wait up
(27:39 / All) Spermaholic: IE YELLOW
(27:44 / All) Spermaholic: PEASANT: OH NO NOT AGAIN
(27:50 / Allies) Flashbang_Omnix: take it blue
(28:33 / Allies) blaine_the_mono: i got this
(28:42 / Allies) Spermaholic: ROFL
(28:44 / Allies) Spermaholic: lololol
(28:59 / All) Spermaholic: Get AT that GM, OJ
(29:00 / All) Spermaholic: =D
(31:33 / All) Spermaholic: lol Tal
(31:35 / All) Spermaholic: really?
(31:37 / All) Spermaholic: teal*
(32:00 / Allies) Spermaholic: whao
(32:02 / Allies) Spermaholic: WHOA
(32:04 / All) Spermaholic: WHOA DUDE
(32:12 / All) Spermaholic: I'm having serious Deu Vu
(33:07 / Allies) Spermaholic: he's nressing
(33:08 / Allies) Spermaholic: Teal
(33:09 / Allies) Spermaholic: resing
(33:34 / Allies) Spermaholic: gj
(33:39 / All) Spermaholic: lol OJ
(33:44 / All) Spermaholic: this is game, man
(34:35 / All) Spermaholic: GG
(34:37 / All) Spermaholic: CLAN STH
(34:38 / All) Spermaholic: CLAN STH
(37:15 / Allies) Flashbang_Omnix: gj guys
(37:53 / All) Flashbang_Omnix: its so sad
(38:00 / All) Flashbang_Omnix: you guys could have easily won this
(38:10 / All) Flashbang_Omnix: if ya all just atatcked together
(41:26 / All) Flashbang_Omnix: teal please leave
(41:34 / All) Jeffwarrior: ok
(41:41 / All) Jeffwarrior: im just wonderin how yall win
(41:46 / All) Flashbang_Omnix: its simple
(41:55 / All) Jeffwarrior: what hapend?
(41:57 / All) Flashbang_Omnix: cuz I've used sleep
(42:01 / All) Flashbang_Omnix: on orange Heroes
(42:06 / All) Flashbang_Omnix: so he couldn't tp out
(42:14 / All) Flashbang_Omnix: and since you guys went alone
(42:23 / All) Flashbang_Omnix: it was what I was hoping for
(42:25 / All) Jeffwarrior: how did ya'll know our heroes]
(42:49 / All) Flashbang_Omnix: I checked eahc enemy Heroes inventory items
(42:53 / All) Flashbang_Omnix: see what they have
(43:09 / All) Flashbang_Omnix: if I see a hero with a town portal scroll
(43:14 / All) Flashbang_Omnix: I'll sleep it
(43:18 / All) Flashbang_Omnix: and thus have
(43:26 / All) Jeffwarrior: no i meant yal'l knew our buids before we even fought
(43:27 / All) Flashbang_Omnix: so it means that
(43:37 / All) Flashbang_Omnix: virtually the player can't run the units away
(43:50 / All) Flashbang_Omnix: oh green?
(43:53 / All) Flashbang_Omnix: yeah he hacked
(44:01 / All) Flashbang_Omnix: he absolutely hacked
(44:11 / All) Flashbang_Omnix: I know cuz he said you guys have this and that
(44:18 / All) Flashbang_Omnix: before we even saw your bases
(44:21 / Allies) blaine_the_mono: where u want me to check
(45:49 / All) Jeffwarrior: well red moved a militia to purps base
(45:53 / All) Jeffwarrior: and he was moving his tree
(45:55 / All) Jeffwarrior: in the early game
(46:28 / All) Jeffwarrior: why was he doin that
(46:33 / All) Jeffwarrior: were ya'll really 3v4?
(46:34 / Allies) blaine_the_mono: scouting
(47:33 / Allies) Flashbang_Omnix: its over
(47:35 / All) Flashbang_Omnix: save this replay
(47:37 / All) Jeffwarrior: pink how did u rebuild?
(47:39 / All) Flashbang_Omnix: save replay
(47:51 / All) Flashbang_Omnix: i ran the acolytes away
(47:53 / All) Flashbang_Omnix: on time
(47:56 / All) Flashbang_Omnix: plus
(48:00 / All) Flashbang_Omnix: i unsummoned my stuff
(48:07 / All) Flashbang_Omnix: to regain resources
(48:07 / All) Jeffwarrior: green left early and pink you rebuilt?
(48:16 / All) Flashbang_Omnix: yeah I rebuilt
(48:21 / All) Flashbang_Omnix: i got a complete base
(49:27 / All) Jeffwarrior: i cant beluive we lost
(49:29 / All) Jeffwarrior: wasnt it 2v4
(50:22 / All) Jeffwarrior: did one of ya'll leave early?
(50:43 / All) Flashbang_Omnix: yeah
(50:45 / All) Flashbang_Omnix: green did
(50:51 / All) Flashbang_Omnix: feel sorry for ya man
(50:57 / All) Jeffwarrior: gg
(50:59 / All) Flashbang_Omnix: gg